Map: Dusk Towers

Players

LilDicky - Winner!

  • Race: Terran Terran
  • League: Diamond

OxuS

  • Race: Protoss Protoss
  • League: Diamond

VOD

http://www.twitch.tv/tumescentpie

Description

Time

  • Played on: Dec. 7, 2015, 10:08 a.m.
  • Length: 6:44
Show
View Real Time Build Order
Export as new Build Order

LilDicky Terran - Winner!

Build Orders: MMM Bio 

Get SALT Encoding   

  12  0:01  SCV  
  13  0:13  SCV  
  14  0:17  Supply Depot  
  14  0:25  SCV  
  14  0:27  Refinery  
  15  0:39  SCV  
  16  0:46  Barracks  
  16  0:51  SCV  
  17  1:03  SCV  
  18  1:15  SCV  
  19  1:34  SCV  
  19  1:39  Supply Depot  
  20  1:42  Marine  
  21  1:47  Factory  
  21  1:48  Orbital Command  
  21  2:00  Marine  
  22  2:11  Barracks  
  22  2:13  Barracks  
  22  2:15  SCV  
  23  2:22  Refinery  
  23  2:26  Barracks Reactor  
  23  2:32  SCV  
  23  2:45  SCV, Widow Mine  
  26  2:53  Supply Depot  
  26  2:57  SCV  
  27  3:02  Barracks Tech Lab  
  27  3:03  Barracks Tech Lab  
  27  3:06  Marine  
  27  3:07  Marine  
  27  3:09  SCV  
  27  3:12  Supply Depot  
  28  3:22  Combat Shields  
  28  3:23  Stimpack  
  28  3:25  Marine x3  
  33  3:28  Marine  
  32  3:42  Marine  
  32  3:43  Marine  
  32  3:44  Starport  
  32  3:47  Marauder  
  36  3:58  Supply Depot  
  36  4:00  Marine x2  
  38  4:02  Marine  
  39  4:13  Widow Mine  
  41  4:30  SCV, Medivac  
  41  4:31  Marine x2  
  45  4:32  Marauder x2  
  50  4:49  Marine  
  49  4:53  Marauder  
  49  4:54  Marine  
  49  4:55  Marauder  
  54  5:06  Supply Depot, Marine  
  55  5:08  Concussive Shells  
  55  5:14  SCV, Medivac  
  58  5:17  Supply Depot  
  58  5:30  Marine x2  
  58  5:31  Marauder  
  58  5:33  Marine  
Show
View Real Time Build Order
Export as new Build Order

OxuS Protoss 

Build Orders: Oracle Opening, Phoenix Opening 

Get SALT Encoding   

  12  0:01  Probe (Chrono Boost)  
  13  0:12  Probe (Chrono Boost)  
  14  0:18  Pylon  
  14  0:22  Probe (Chrono Boost)  
  15  0:38  Gateway  
  15  0:40  Probe (Chrono Boost)  
  16  0:43  Assimilator  
  16  0:47  Assimilator  
  16  0:51  Probe (Chrono Boost)  
  17  1:01  Probe (Chrono Boost)  
  18  1:12  Probe (Chrono Boost)  
  19  1:22  Probe (Chrono Boost)  
  20  1:27  Cybernetics Core  
  20  1:33  Probe (Chrono Boost)  
  20  1:39  Pylon  
  21  1:44  Probe (Chrono Boost)  
  22  1:58  Nexus  
  22  2:05  Pylon  
  21  2:11  Adept (Chrono Boost)  
  23  2:15  Warp Gate  
  23  2:22  Mothership Core  
  25  2:37  Stargate  
  25  2:43  Probe  
  26  2:55  Probe  
  27  3:01  Pylon  
  27  3:03  Adept (Chrono Boost)  
  29  3:21  Oracle (Chrono Boost)  
  29  3:24  Probe  
  29  3:26  Probe  
  34  3:31  Robotics Facility  
  34  3:48  Probe  
  34  3:49  Probe  
  36  3:57  Phoenix (Chrono Boost)  
  36  3:58  Probe  
  36  4:01  Probe  
  40  4:03  Pylon  
  40  4:09  Stalker, Probe  
  42  4:13  Probe  
  44  4:29  Immortal (Chrono Boost)  
  45  4:53  Probe  
  45  4:55  Probe  
  47  5:01  Robotics Bay  
  47  5:02  Assimilator  
  47  5:05  Probe  
  47  5:06  Probe, Assimilator  
  48  5:13  Immortal (Chrono Boost)  
  53  5:16  Probe, Gateway  
  53  5:18  Probe, Gateway  
  55  5:21  Pylon  
  55  5:33  Zealot  
  57  5:43  Pylon  
  53  6:00  Zealot  
  43  6:12  Stalker x2  
  43  6:17  Stalker  
Tags
 
Add a new tag
Caveats
  • Supply blocks, unpowered buildings, or Contaminate may cause inaccurate times.
  • Supply counts are checked every 10 seconds.